 Dungeon Crawl Stone Soup version 0.22.0-6-g71bd7aa (webtiles) character file.

1172 HaroldButt the Fighter (level 8, 0/71 HPs)
             Began as a Gnoll Wanderer on Aug 14, 2018.
             Was an Initiate of Ashenzari.
             Succumbed to a killer bee's poison
             ... on level 5 of the Dungeon.
             The game lasted 00:25:12 (4816 turns).

HaroldButt the Fighter (Gnoll Wanderer)             Turns: 4816, Time: 00:25:12

Health: 0/71       AC:  9    Str: 14    XL:     8   Next: 41%
Magic:  12/12      EV: 14    Int: 13    God:    Ashenzari [......]
Gold:   229        SH:  0    Dex: 19    Spells: 13/13 levels left

rFire    + + .     SeeInvis .   j - +1 short sword (flame)
rCold    + . .     Gourm    .   (no shield)
rNeg     . . .     Faith    .   h - +2 leather armour {rF+}
rPois    +         Spirit   .   y - +0 helmet (curse)
rElec    +         Reflect  .   b - +0 cloak
rCorr    +         Harm     .   (no gloves)
MR       .....                  l - +0 pair of boots
Stlth    ++........             (no amulet)
HPRegen  0.21/turn              (no ring)
MPRegen  0.13/turn              (no ring)

@: lethally poisoned (0 -> -11), resistant
A: distributed training, fangs 1, strong nose
a: Curse Item, Renounce Religion


You were on level 5 of the Dungeon.
You worshipped Ashenzari.
Ashenzari was noncommittal.
You were not hungry.

You visited 2 branches of the dungeon, and saw 6 of its levels.

You collected 229 gold pieces.


Innate Abilities, Weirdness & Mutations

Your experience applies equally to all skills.
You have very sharp teeth.
Your uncanny sense of smell can sniff out nearby items.


   Skills:
 + Level 9.1 Fighting
 + Level 3.2 Short Blades
 + Level 3.2 Long Blades
 + Level 4.1 Axes
 + Level 3.2 Maces & Flails
 + Level 3.2 Polearms
 + Level 3.2 Staves
 + Level 3.2 Slings
 + Level 3.2 Bows
 + Level 3.2 Crossbows
 + Level 3.2 Throwing
 + Level 4.1 Armour
 + Level 4.1 Dodging
 + Level 3.2 Stealth
 + Level 5.6 Shields
 + Level 4.1 Unarmed Combat
 + Level 3.2 Spellcasting
 + Level 2.6 Conjurations
 + Level 2.6 Hexes
 + Level 2.6 Charms
 + Level 2.6 Summonings
 + Level 2.6 Necromancy
 + Level 2.6 Translocations
 + Level 2.6 Transmutations
 + Level 2.6 Fire Magic
 + Level 2.6 Ice Magic
 + Level 2.6 Air Magic
 + Level 2.6 Earth Magic
 + Level 2.6 Poison Magic
 + Level 3.5 Invocations
 + Level 3.2 Evocations


You had 13 spell levels left.
You didn't know any spells.
Your spell library contained the following spells:

 Spells                   Type           Power        Failure   Level  Hunger
 Spider Form              Tmut/Pois      #.........   28%         3    ###....
 Blade Hands              Tmut           #.........   95%         5    ######.
 Ice Form                 Ice/Tmut       #.......     67%         4    #####..
 Sticks to Snakes         Tmut           #.......     14%         2    ##.....
 Beastly Appendage        Tmut           #.....       10%         1    #......

Inventory:

Hand Weapons
 i - a +0 flail
 j - a +1 short sword of flaming (weapon)
 s - a +3 quarterstaff of chaos
 u - a +0 blowgun
 v - a +0 dagger of venom
Missiles
 g - 30 poisoned needles
 p - a throwing net {=f}
Armour
 b - a +0 cloak (worn)
 h - a +2 leather armour of fire resistance (worn)
 l - a +0 pair of boots (worn)
 y - a cursed +0 helmet (worn)
 A - a +0 scale mail
Wands
 z - a wand of iceblast (4)
Scrolls
 a - a scroll of fear
 o - a scroll of remove curse
 t - 2 scrolls of amnesia {unknown}
 w - a scroll of magic mapping {unknown}
 x - a scroll of teleportation {unknown}
Potions
 d - a potion of might {unknown}
 k - a potion of brilliance {unknown}
 n - 3 potions of lignification {unknown}
 q - 3 potions of mutation {!q}
 r - a potion of flight
Comestibles
 f - 11 rations

Dungeon Overview and Level Annotations

Branches:
Dungeon (5/15)             Temple (1/1) D:5

Altars:
Ashenzari
Cheibriados
Dithmenos
Elyvilon
Gozag
Hepliaklqana
Kikubaaqudgha
Makhleb
Okawaru
Qazlal
Ru
Sif Muna
Trog
Uskayaw
Vehumet
Wu Jian
Xom
Yredelemnul
Zin
The Shining One

Shops:
D:4

} ▒▒▒▒▒▒▒ ......▒
▒▒▒▒▒.▒ ▒ ▒.▒ ▒▒▒▒▒.▒
▒▒▒▒▒ ...▒▒.▒ ▒▒...▒▒
.▒.▒▒.▒▒▒.....▒▒▒▒▒▒▒▒..
.▒.▒▒...▒.......g.......
......▒..)....▒▒▒▒▒▒▒...
.▒.▒▒.▒.>....▒▒
.▒..▒.▒.....▒▒
.▒▒.▒.▒▒▒▒▒.▒▒▒▒▒▒▒▒. ∆
P.............y....b.
≈≈≈≈≈≈≈≈≈≈≈≈≈y≈≈≈≈...
≈≈≈≈≈≈≈≈≈≈≈≈≈≈≈y≈≈...
≈▒▒▒▒▒≈≈≈≈≈≈≈≈≈≈≈≈...


There were no monsters in sight!


Message History

You feel sick. The jackal misses you.
You puncture the jackal! You burn the jackal.
You kill the jackal!
* * * LOW HITPOINT WARNING * * *
You feel sick.
* * * LOW HITPOINT WARNING * * *
You feel sick.
You see here a jackal corpse.
You butcher the jackal corpse.
* * * LOW HITPOINT WARNING * * *
You feel sick.
Things that are here:
2 chunks of flesh a jackal skeleton
* * * LOW HITPOINT WARNING * * *
You feel sick.
* * * LOW HITPOINT WARNING * * *
You feel sick.
Things that are here:
2 chunks of flesh a jackal skeleton Eat one of 2 chunks of flesh? (ye/n/q)
You eat one of the 2 chunks of flesh.
* * * LOW HITPOINT WARNING * * *
You feel sick.
Okay, then.
You feel protected.
You die...

Action                   |  1- 3 |  4- 6 |  7- 9 || total
-------------------------+-------+-------+-------++-------
Melee: Spear             |   166 |    63 |       ||   229
       Dagger            |     8 |       |     9 ||    17
       Bite              |    10 |    13 |    16 ||    39
       Punch             |     1 |     2 |     1 ||     4
       Quarterstaff      |       |    95 |    51 ||   146
       Unarmed           |       |    28 |       ||    28
       Short sword       |       |       |   107 ||   107
 Fire: Blowgun           |       |       |     1 ||     1
  Use: Potion            |     1 |     1 |     5 ||     7
       Scroll            |       |     5 |     2 ||     7
 Stab: Sleeping          |     1 |     2 |     1 ||     4
       Paralysed         |       |     3 |       ||     3
       Confused          |       |       |     1 ||     1
  Eat: Chunk             |       |     7 |     3 ||    10
       Ration            |       |       |     1 ||     1
Armor: Ring mail         |    52 |    79 |    19 ||   150
       Leather armour    |       |       |    34 ||    34
Dodge: Dodged            |    94 |   118 |   143 ||   355

Vault maps used:
D:1:      zelgadis_glass_arrival_small, minmay_tromino_v4_a
D:2:      first_ration, uniq_natasha, uniq_crazy_yiuf_cottage
D:3:      minmay_diamond_boxcup, lemuel_crystal_altar, kennysheep_generic_room_9
D:4:      serial_shops, nicolae_shop_trees, minmay_misc_feat_roman,
          nicolae_qazlal_style_of_elements, uniq_blork_the_orc, uniq_robin,
          uniq_eustachio
D:5:      lemuel_castle_with_subvaults, kennysheep_mini,
          minmay_temple_entry_butterflies, uniq_ijyb
Temple:   regret_index_temple_mists

Notes
Turn   | Place    | Note
-------+----------+-------------------------------------------
     0 | D:1      | HaroldButt the Gnoll Wanderer began the quest for the Orb.
     0 | D:1      | HaroldButt set off with: a scroll of fear, a potion of haste {@q3}, a potion of curing {@q1}, a +0 ring mail, a +0 dagger, a ration
     0 | D:1      | Reached XP level 1. HP: 26/26 MP: 1/1
    87 | D:1      | Reached XP level 2. HP: 31/33 MP: 2/2
   415 | D:1      | Reached XP level 3. HP: 38/38 MP: 3/3
   714 | D:2      | Reached skill level 1 in Invocations
   755 | D:2      | Found a runed door.
   887 | D:2      | Noticed Natasha
   940 | D:2      | Killed Natasha
   940 | D:2      | Reached skill level 1 in Short Blades
   940 | D:2      | Reached skill level 1 in Long Blades
   940 | D:2      | Reached skill level 1 in Maces & Flails
   940 | D:2      | Reached skill level 1 in Polearms
   940 | D:2      | Reached skill level 1 in Staves
   940 | D:2      | Reached skill level 1 in Slings
   940 | D:2      | Reached skill level 1 in Bows
   940 | D:2      | Reached skill level 1 in Crossbows
   940 | D:2      | Reached skill level 1 in Throwing
   940 | D:2      | Reached skill level 1 in Stealth
   940 | D:2      | Reached skill level 1 in Spellcasting
   940 | D:2      | Reached skill level 1 in Evocations
   940 | D:2      | Reached XP level 4. HP: 7/45 MP: 5/5
  1431 | D:2      | Noticed Natasha
  1461 | D:2      | Killed Natasha
  1461 | D:2      | Reached skill level 1 in Conjurations
  1461 | D:2      | Reached skill level 1 in Hexes
  1461 | D:2      | Reached skill level 1 in Charms
  1461 | D:2      | Reached skill level 1 in Summonings
  1461 | D:2      | Reached skill level 1 in Necromancy
  1461 | D:2      | Reached skill level 1 in Translocations
  1461 | D:2      | Reached skill level 1 in Transmutations
  1461 | D:2      | Reached skill level 1 in Fire Magic
  1461 | D:2      | Reached skill level 1 in Ice Magic
  1461 | D:2      | Reached skill level 1 in Air Magic
  1461 | D:2      | Reached skill level 1 in Earth Magic
  1461 | D:2      | Reached skill level 1 in Poison Magic
  1514 | D:2      | Noticed Natasha
  1524 | D:2      | Killed Natasha
  1524 | D:2      | Reached XP level 5. HP: 42/51 MP: 5/7
  1745 | D:2      | Noticed Crazy Yiuf
  1763 | D:2      | Killed Crazy Yiuf
  1763 | D:2      | Reached skill level 3 in Axes
  1763 | D:2      | Reached skill level 3 in Armour
  1763 | D:2      | Reached skill level 3 in Dodging
  1763 | D:2      | Reached skill level 3 in Unarmed Combat
  2018 | D:3      | Found a shimmering altar of Xom.
  2338 | D:3      | Reached XP level 6. HP: 48/57 MP: 8/8
  2423 | D:3      | Reached skill level 2 in Invocations
  2694 | D:4      | Noticed Eustachio
  2802 | D:3      | Reached skill level 2 in Short Blades
  2802 | D:3      | Reached skill level 2 in Long Blades
  2802 | D:3      | Reached skill level 2 in Maces & Flails
  2802 | D:3      | Reached skill level 2 in Polearms
  2802 | D:3      | Reached skill level 2 in Staves
  2802 | D:3      | Reached skill level 2 in Slings
  2802 | D:3      | Reached skill level 2 in Bows
  2802 | D:3      | Reached skill level 2 in Crossbows
  2802 | D:3      | Reached skill level 2 in Throwing
  2802 | D:3      | Reached skill level 2 in Stealth
  2802 | D:3      | Reached skill level 5 in Shields
  2802 | D:3      | Reached skill level 2 in Spellcasting
  2802 | D:3      | Reached skill level 2 in Evocations
  2961 | D:4      | Identified a potion of resistance
  3043 | D:4      | Found a stormy altar of Qazlal.
  3045 | D:4      | Noticed a fire elemental
  3046 | D:4      | Noticed a water elemental
  3046 | D:4      | Noticed an air elemental
  3092 | D:4      | Reached XP level 7. HP: 63/63 MP: 10/10
  3423 | D:5      | Entered Level 5 of the Dungeon
  3477 | D:5      | Found a snail-covered altar of Cheibriados.
  3497 | D:5      | Reached skill level 2 in Conjurations
  3497 | D:5      | Reached skill level 2 in Hexes
  3497 | D:5      | Reached skill level 2 in Charms
  3497 | D:5      | Reached skill level 2 in Summonings
  3497 | D:5      | Reached skill level 2 in Necromancy
  3497 | D:5      | Reached skill level 2 in Translocations
  3497 | D:5      | Reached skill level 2 in Transmutations
  3497 | D:5      | Reached skill level 2 in Fire Magic
  3497 | D:5      | Reached skill level 2 in Ice Magic
  3497 | D:5      | Reached skill level 2 in Air Magic
  3497 | D:5      | Reached skill level 2 in Earth Magic
  3497 | D:5      | Reached skill level 2 in Poison Magic
  3535 | D:5      | Found a staircase to the Ecumenical Temple.
  3806 | Temple   | Entered the Ecumenical Temple
  3970 | Temple   | Became a worshipper of Ashenzari the Shackled
  4184 | D:4      | Reached skill level 9 in Fighting
  4234 | D:4      | Noticed Blork the orc
  4252 | D:4      | Killed Blork the orc
  4252 | D:4      | Reached skill level 3 in Invocations
  4339 | D:4      | Killed Eustachio
  4339 | D:4      | Reached skill level 4 in Axes
  4339 | D:4      | Reached skill level 4 in Armour
  4339 | D:4      | Reached skill level 4 in Dodging
  4339 | D:4      | Reached skill level 4 in Unarmed Combat
  4339 | D:4      | Reached XP level 8. HP: 51/71 MP: 12/12
  4350 | D:4      | Noticed Robin
  4374 | D:4      | Killed Robin
  4374 | D:4      | Reached skill level 3 in Short Blades
  4374 | D:4      | Reached skill level 3 in Long Blades
  4374 | D:4      | Reached skill level 3 in Maces & Flails
  4374 | D:4      | Reached skill level 3 in Polearms
  4374 | D:4      | Reached skill level 3 in Staves
  4374 | D:4      | Reached skill level 3 in Slings
  4374 | D:4      | Reached skill level 3 in Bows
  4374 | D:4      | Reached skill level 3 in Crossbows
  4374 | D:4      | Reached skill level 3 in Throwing
  4374 | D:4      | Reached skill level 3 in Stealth
  4374 | D:4      | Reached skill level 3 in Spellcasting
  4374 | D:4      | Reached skill level 3 in Evocations
  4398 | D:4      | Found Ceruhona's Gadget Shop.
  4650 | D:5      | Noticed Ijyb
  4668 | D:5      | Killed Ijyb
  4794 | D:5      | HP: 6/71 [killer bee (6)]
  4811 | D:5      | HP: 7/71 [poisoned by a killer bee]
  4814 | D:5      | HP: 3/71 [poisoned by a killer bee]
  4815 | D:5      | HP: 1/71 [poisoned by a killer bee]
  4816 | D:5      | Succumbed to a killer bee's poison

Vanquished Creatures
  Eustachio (D:4)
  An ice beast (D:5)
  Blork the orc (D:4)
  5 killer bees (D:5)
  A howler monkey (D:3)
  A jelly (D:5)
  A crimson imp (D:5)
  An orc priest (D:4)
  Crazy Yiuf (D:2)
  An orc wizard (D:4)
  A bullfrog skeleton (D:4)
  An iguana (D:4)
  Ijyb (D:5)
  Natasha (thrice) (D:2)
  2 worker ants (D:4)
  Robin (D:4)
  9 adders
  5 gnolls
  An ooze (D:2)
  A worm (D:3)
  5 dart slugs
  5 leopard geckos
  7 orcs
  11 bats
  9 giant cockroaches
  18 goblins
  9 hobgoblins
  4 jackals
  13 kobolds
  3 quokkas
  2 ball pythons
  4 frilled lizards
  A leopard gecko skeleton (D:4)
  9 rats
139 creatures vanquished.
